 Dungeon Crawl Stone Soup version 0.28.0-53-g5a82cb258f (webtiles) character file.

Game seed: 17384749030490125443

2 MisterFreud the Covert (level 1, -1/23 HPs)
             Began as a Gnoll Delver on June 21, 2022.
             Slain by a scorpion (8 damage)
             ... on level 5 of the Dungeon.
             The game lasted 00:00:41 (109 turns).

MisterFreud the Covert (Gnoll Delver)                Turns: 109, Time: 00:00:42

Health: -1/23      AC:  3    Str: 11    XL:     1   Next: 30%
Magic:  1/1        EV: 13    Int:  9    God:
Gold:   0          SH:  0    Dex: 13    Spells: 0/0 levels left

rFire   . . .      SeeInvis .   a - +0 short sword
rCold   . . .      Faith    .   (no shield)
rNeg    . . .      Spirit   .   b - +0 leather armour
rPois   .          Reflect  .   (no helmet)
rElec   .          Harm     .   (no cloak)
rCorr   .          Rampage  .   (no gloves)
Will    .....                   (no boots)
Stlth   ++++......              (no amulet)
HPRegen 0.07/turn               (no ring)
MPRegen 0.07/turn               (no ring)

@: no status effects
A: fangs 1, strong nose, distributed training
a: no special abilities


You were on level 5 of the Dungeon.
You visited 1 branch of the dungeon, and saw 2 of its levels.

Inventory:

Hand Weapons
 a - a +0 short sword (weapon)
Armour
 b - a +0 leather armour (worn)
Wands
 g - a wand of digging (3)
Scrolls
 c - a scroll of fog
 d - a scroll of magic mapping
 e - a scroll of fear


   Skills:
 + Level 6.4 Fighting
 + Level 4.4 Short Blades
 + Level 0.0 Long Blades
 + Level 0.0 Axes
 + Level 0.0 Maces & Flails
 + Level 0.0 Polearms
 + Level 0.0 Staves
 + Level 0.0 Slings
 + Level 0.0 Bows
 + Level 0.0 Crossbows
 + Level 0.0 Throwing
 + Level 0.0 Armour
 + Level 4.4 Dodging
 + Level 9.5 Stealth
 + Level 0.0 Shields
 + Level 0.0 Unarmed Combat
 + Level 0.0 Spellcasting
 + Level 0.0 Conjurations
 + Level 0.0 Hexes
 + Level 0.0 Summonings
 + Level 0.0 Necromancy
 + Level 0.0 Translocations
 + Level 0.0 Transmutations
 + Level 0.0 Fire Magic
 + Level 0.0 Ice Magic
 + Level 0.0 Air Magic
 + Level 0.0 Earth Magic
 + Level 0.0 Poison Magic
 + Level 0.1 Invocations
 + Level 0.0 Evocations


You couldn't memorise any spells.
You didn't know any spells.
Your spell library was empty.

Dungeon Overview and Level Annotations

Branches:
Dungeon (6/15)             Temple (0/1) D:5

Altars:

Annotations:
D:6 Blork the orc, Dowan


Innate Abilities, Weirdness & Mutations

You have very sharp teeth.
Your uncanny sense of smell can sniff out nearby items.
Your experience applies equally to all skills.


Message History

* * * LOW HITPOINT WARNING * * *
You aren't carrying any potions.
Unknown command.
There is a stone staircase leading down here.
You climb downwards.
There is a stone staircase leading up here.
You see here a scroll labelled XAEFO COPLUPRU.
A troll comes into view.
You are too injured to fight recklessly!
You are too injured to fight recklessly!
The adder hisses angrily.
The troll shouts!
The adder barely misses you.
You see here a scroll labelled XAEFO COPLUPRU.
Blork the orc comes into view.
He is wielding a +3 dire flail of protection.
Dowan and an orc come into view.
Dowan shouts!
Blork the orc shouts!
A scorpion comes into view.
Found a stone staircase leading up.
The orc shouts!
Blork the orc grins evilly.
There is an escape hatch in the ceiling here.
A mysterious force pulls you upwards. The hatch slams shut behind you.
Found a staircase to the Ecumenical Temple.
Unknown command.
Unknown command.
Your extra speed is starting to run out.
You feel yourself slow down.
Found a ring mail.
The scorpion barely misses you.
Found a dark potion.
An orc priest comes into view. It is wielding a +0 vorpal falchion.
The orc priest shouts!
You hear a shout! x3
An orc priest comes into view. It is wielding a +0 short sword.
The scorpion barely misses you. The scorpion completely misses you.
The orc priest looks braver for a moment.
The scorpion stings you but does no damage.
An orc comes into view. It is wielding a +0 club.
The orc throws a stone.
The stone hits you but does no damage. The scorpion stings you!
You die...

#.###.#.###.#.###..# #.#
#.##................ ...
#.#..#.##....#.#.#.#
##..
###.#..#.#....##.#.#.#.#
#..
............#.....oo....
#..
####........#.##.#.##o#
#.. ######.......s#....#
#.##.#[#o..#.
#....#.#@s.#.#
...#............
#...#...!#.#.#...
#.....##.#.#.# #.
....#........ . ##.
#.#.#.##.# . .#. .# ## .
.. ..


You could see 2 scorpions, 2 orc priests and an orc.

Vanquished Creatures
  An orc (D:5)
1 creature vanquished.

Notes
Turn   | Place    | Note
-------+----------+-------------------------------------------
     0 | D:5      | Reached skill level 9 in Stealth
     0 | D:5      | MisterFreud the Gnoll Delver began the quest for the Orb.
     0 | D:5      | Reached XP level 1. HP: 23/23 MP: 1/1
     1 | D:6      | Noticed a scorpion
    26 | D:5      | Noticed a water moccasin
    65 | D:6      | Noticed a troll
    76 | D:6      | Noticed Blork the orc
    77 | D:6      | Noticed Dowan
    78 | D:6      | Noticed a scorpion
    81 | D:5      | Noticed a scorpion
    81 | D:5      | Noticed a scorpion
    81 | D:5      | Found a staircase to the Ecumenical Temple.
   106 | D:5      | Noticed an orc priest
   108 | D:5      | Noticed an orc priest
   109 | D:5      | Slain by a scorpion

Illustrated notes

Levels and vault maps discovered:
D:5:      layout_loops_ring, minmay_temple_entry_ruins
D:6:      layout_rooms, uniq_duvessa, uniq_pikel, uniq_blork_the_orc,
          uniq_maggie, uniq_grinder

Skill      XL: | |
---------------+-+-----
Stealth        | |  9.5
Fighting       | |  6.4
Short Blades   | |  4.4
Dodging        | |  4.4
Invocations    | |  0.1

Action                   || total
-------------------------++-------
Melee: Short sword       ||    24
       Bite              ||     3
  Use: Potion            ||     1
Armor: Leather armour    ||     7
Dodge: Dodged            ||    17
